 Dungeon Crawl Stone Soup version 0.21.1-1-g345015f (webtiles) character file.

105 empire the Slasher (level 4, -4/40 HPs)
             Began as a Minotaur Fighter on June 6, 2018.
             Killed from afar by vatarom's ghost (19 damage)
             ... with an orb of energy
             ... on level 3 of the Dungeon.
             The game lasted 00:03:16 (1409 turns).

empire the Slasher (Minotaur Fighter)               Turns: 1409, Time: 00:03:17

Health: -4/40      AC:  9    Str: 26    XL:     4   Next: 54%
Magic:  3/3        EV:  7    Int:  5    God:
Gold:   85         SH: 10    Dex: 10    Spells: 3/3 levels left

rFire    + . .     SeeInvis .   a - +0 long sword
rCold    + . .     Gourm    .   c - +0 shield
rNeg     . . .     Faith    .   s - +0 chain mail
rPois    +         Spirit   .   (helmet restricted)
rElec    +         Reflect  .   (no cloak)
rCorr    +         Harm     .   (no gloves)
MR       .....                  (no boots)
Stlth    ..........             (no amulet)
HPRegen  0.13/turn              (no ring)
MPRegen  0.08/turn              p - ring of flight

@: mighty, resistant
A: retaliatory headbutt, horns 2
a: Evoke Flight


You were on level 3 of the Dungeon.
You were not hungry.

You visited 1 branch of the dungeon, and saw 3 of its levels.

You collected 85 gold pieces.

Inventory:

Hand Weapons
 a - a +0 long sword (weapon)
Armour
 c - a +0 shield (worn)
 j - a +2 leather armour of magic resistance
 s - a +0 chain mail (worn)
Jewellery
 l - an uncursed ring of teleportation
 p - a ring of flight (right hand)
Scrolls
 g - a scroll of random uselessness {unknown}
 q - 2 scrolls of teleportation
Potions
 d - 2 potions of might
 i - a potion of flight {unknown}
 k - a potion of magic {unknown}
 n - a potion of invisibility {unknown}
Comestibles
 f - 3 rations
 r - 2 chunks of flesh


   Skills:
 - Level 4.0 Fighting
 + Level 4.1 Long Blades
 - Level 4.0 Armour
 + Level 2.3 Dodging
 - Level 4.0 Shields


You had 3 spell levels left.
You didn't know any spells.

Dungeon Overview and Level Annotations

Branches:
Dungeon (3/15)

Altars:
Makhleb
Trog
The Shining One

Annotations:
D:3 vatarom's ghost, amateur KoCj


Innate Abilities, Weirdness & Mutations

You reflexively headbutt those who attack you in melee.
You have a pair of horns on your head.


Message History

Vatarom's ghost (amateur Kobold Conjurer) comes into view.
Vatarom's ghost turns its malevolent gaze towards you.
You closely miss the frilled lizard.
You kill the frilled lizard!
Vatarom's ghost hits you.
Vatarom's ghost hits you but does no damage.
Vatarom's ghost casts a spell at you. The orb of energy misses you.
Found a ration.
A phantom comes into view.
You see here a frilled lizard corpse.
Vatarom's ghost casts a spell at you. The magic dart hits you!
Vatarom's ghost hits you but does no damage.
You slash vatarom's ghost! Your headbutt misses vatarom's ghost.
Vatarom's ghost is moderately damaged.
You feel yourself speed up. Vatarom's ghost casts a spell at you.
The orb of energy hits you!
You die...

#.%..... .#.......
.......?. .##...
........# #.#..
........+ .....
>.......# #...#+##+#.
...W...(# #.#........
.......†###.#........
.....#.@.............
.....'W..............
.....##.#...#.......#
.##....<......#......
##.....###.#........
.........##...#......
.#.......#....##.##.#
#.....(......# .# #
.........._...##.##


You could see a phantom and vatarom's ghost.

Vanquished Creatures
  Natasha (twice) (D:3)
  An adder (D:3)
  An ooze (D:1)
  A worm (D:2)
  A dart slug (D:1)
  A leopard gecko (D:1)
  2 ball pythons
  3 giant cockroaches (D:1)
  4 goblins
  3 hobgoblins
  2 quokkas (D:2)
  4 bats (D:1)
  3 frilled lizards
  3 kobolds
  8 rats
39 creatures vanquished.

Notes
Turn   | Place    | Note
-------+----------+-------------------------------------------
     0 | D:1      | empire the Minotaur Fighter began the quest for the Orb.
     0 | D:1      | Reached XP level 1. HP: 19/19 MP: 0/0
    87 | D:1      | Reached XP level 2. HP: 27/27 MP: 1/1
   472 | D:1      | Found a glowing golden altar of the Shining One.
   502 | D:1      | Reached XP level 3. HP: 33/33 MP: 2/2
  1078 | D:2      | Noticed a moth of wrath
  1081 | D:2      | Found a bloodstained altar of Trog.
  1103 | D:2      | Reached skill level 1 in Dodging
  1361 | D:3      | Found a burning altar of Makhleb.
  1374 | D:3      | Noticed Natasha
  1390 | D:3      | Killed Natasha
  1390 | D:3      | Reached XP level 4. HP: 3/40 MP: 3/3
  1390 | D:3      | Noticed Natasha
  1395 | D:3      | Killed Natasha
  1405 | D:3      | Noticed vatarom's ghost (amateur KoCj)
  1408 | D:3      | Noticed a phantom
  1409 | D:3      | Killed from afar by vatarom's ghost

Skill      XL: |  1  2  3  4 |
---------------+-------------+-----
Fighting       | 4 |  4.0
Armour         | 4 |  4.0
Shields        | 4 |  4.0
Long Blades    | 3 4 |  4.1
Dodging        | 1 2 |  2.3

Action                   |  1- 3 |  4- 6 || total
-------------------------+-------+-------++-------
Melee: Long sword        |    88 |     4 ||    92
       Headbutt          |    14 |     1 ||    15
  Use: Scroll            |     3 |       ||     3
       Potion            |     2 |     2 ||     4
  Eat: Chunk             |     2 |       ||     2
Armor: Scale mail        |    42 |       ||    42
       Chain mail        |    16 |     4 ||    20
Dodge: Dodged            |    30 |     1 ||    31
Block: Shield            |    59 |     3 ||    62
       Rpst.: Long sword |     4 |       ||     4
